 Dungeon Crawl Stone Soup version 0.30.1-3-gfc49f6343a (webtiles) character file.

Game seed: 15577775269576768237

40 jurchenman the Conjurer (level 3, 0/19 HPs)
             Began as a Tengu Conjurer on July 25, 2023.
             Slain by a goblin
             ... wielding a +0 dagger
             ... led by Robin
              (1 damage)
             ... on level 1 of the Dungeon.
             The game lasted 00:03:09 (1073 turns).

jurchenman the Conjurer (Tengu Conjurer)            Turns: 1073, Time: 00:03:09

Health: 0/19       AC:  2    Str:  7    XL:     3   Next: 50%
Magic:  1/8        EV: 12    Int: 20    God:
Gold:   29         SH:  5    Dex: 12    Spells: 4/7 levels left

rFire   . . .        f - +0 dagger (elec)
rCold   . . .        (no shield)
rNeg    . . .        a - +0 robe
rPois   .            (helmet restricted)
rElec   .            (no cloak)
rCorr   .            (no gloves)
SInv    .            (boots unavailable)
Will    .....        l - amulet of reflection
Stlth   ++           (no ring)
HPRegen 0.23/turn    (no ring)
MPRegen 0.11/turn

%: reflection
@: no status effects
A: beak, talons 3
a: no special abilities


You were on level 1 of the Dungeon.
You visited 1 branch of the dungeon, and saw 2 of its levels.

You collected 29 gold pieces.

Inventory:

Hand Weapons
 f - a +0 dagger of electrocution (weapon)
Missiles
 c - 13 stones
 j - 4 boomerangs
Armour
 a - a +0 robe (worn)
Jewellery
 l - an amulet of reflection (around neck)
Scrolls
 i - a scroll of identify
Potions
 b - a potion of magic
 e - 2 potions of curing


   Skills:
 - Level 2.1 Dodging
 - Level 2.0 Stealth
 + Level 2.8 Spellcasting
 + Level 6.1 Conjurations


You had 4 spell levels left.
You knew the following spells:

 Your Spells              Type           Power      Damage    Failure   Level
a - Magic Dart            Conj           100%       1d8       1%          1
b - Searing Ray           Conj           54%        2d6       1%          2

Your spell library contained the following spells:

 Spells                   Type           Power      Damage    Failure   Level
 Dazzling Flash           Conj/Hex       30%        N/A       12%         3
 Cigotuvi's Dreadful Rot  Necr/Pois/Air  4%         N/A       22%         2
 Fulminant Prism          Conj/Hex       7%         3d7       38%         4
 Iskenderun's Mystic Bla  Conj/Tloc      15%        2d5       38%         4
 Ignite Poison            Fire/Tmut/Pois 2%         N/A       41%         3
 Freezing Cloud           Conj/Ice/Air   5%         6-21      86%         5


Dungeon Overview and Level Annotations

Branches:
Dungeon (2/15)

Altars:
Nemelex Xobeh


Innate Abilities, Weirdness & Mutations

You have a beak for a mouth.
You have claws for feet.


Message History

Aim: Robin, wielding a +0 short sword, wearing a +0 animal skin and wearing a +2 helmet of see invisible (moderately wounded, 100% to hit)
The magic dart hits Robin.
Robin is severely wounded.
The withered plant crumbles away.
A goblin comes into view. It is wielding a +0 dagger.
Casting: Magic Dart (safe; 1% risk of failure)
Confirm with . or Enter, or press ? or * to list all spells.
Aiming: Magic Dart (safe; 1% risk of failure)
Press: ? - help, Shift-Dir - straight line, f/p - Robin
Aim: Robin, wielding a +0 short sword, wearing a +0 animal skin and wearing a +2 helmet of see invisible (severely wounded, 100% to hit)
The magic dart hits Robin.
Robin is almost dead.
You hit Robin. Lightning courses through Robin!
You kill Robin!
The withered plant crumbles away.
A goblin comes into view. It is wielding a +0 club.
A hobgoblin and a goblin come into view.
The hobgoblin shouts!
The goblin shouts!
You hear a shout!
A giant cockroach comes into view.
The goblin hits you with a +0 dagger.
Things that are here:
a +0 short sword; a +0 animal skin; a +2 helmet of see invisible You hit the goblin.
Your kick misses the goblin. You peck the goblin, but do no damage.
The goblin is moderately wounded.
The goblin hits you with a +0 dagger.
A goblin comes into view. It is wielding a +0 dagger.
You hit the goblin. Your kick misses the goblin.
The goblin is heavily wounded.
A hobgoblin comes into view.
A dart slug comes into view.
There is a stone staircase leading up here.
The goblin hits you with a +0 dagger. The hobgoblin hits you.
* * * LOW HITPOINT WARNING * * *
The goblin hits you with a +0 dagger.
* * * LOW HITPOINT WARNING * * *
You climb upwards.
There is a stone staircase leading down here.
You barely miss the hobgoblin. Your peck misses the hobgoblin.
The goblin hits you with a +0 dagger.
You die...

########### ## #........†# #.
########.#######.# #. ##
#...........÷..#.###. .#
#######.######.#####.......
.######..................###.####
............#.######.###.# #.#
#######.###.#.######.###.# #.####
.........##....g@g.......###..#.#
...####..#.....g####.....).......
##.# #..#.#.......####..######.#
#.####..#.[.#..##.# #..########
#.......#####..##.####........#
##.............##.#.....#######
###.###..#####.###.#.########## #
....###..# #.##............># #
######...# #.##..#.########.###


You could see a hobgoblin (strong) and 2 goblins.

Vanquished Creatures
  Robin (D:2)
  An adder (D:2)
  4 endoplasms (D:1)
  4 goblins
  A hobgoblin (D:1)
  A kobold (D:1)
  2 quokkas (D:1)
  A ball python (D:1)
  A bat (D:1)
  3 rats
19 creatures vanquished.

Notes
Turn   | Place    | Note
-------+----------+-------------------------------------------
     0 | D:1      | jurchenman the Tengu Conjurer began the quest for the Orb.
     0 | D:1      | Reached XP level 1. HP: 10/10 MP: 4/4
   313 | D:1      | Reached XP level 2. HP: 15/15 MP: 1/6
   980 | D:1      | Learned a level 2 spell: Searing Ray
   981 | D:2      | Found a sparkling altar of Nemelex Xobeh.
   986 | D:2      | Reached XP level 3. HP: 19/19 MP: 2/7
  1052 | D:2      | Found a faded altar of an unknown god.
  1060 | D:2      | Reached skill level 6 in Conjurations
  1062 | D:2      | Noticed Robin
  1066 | D:2      | Killed Robin
  1073 | D:1      | Slain by a goblin

Illustrated notes

Levels and vault maps discovered:
D:1:      lemuel_arrival_funnel, layout_loops_ring, nicolae_figureground_sparkle
D:2:      layout_rooms, basic_altar, ebering_ecumenical_altar_petrified,
          uniq_natasha, uniq_sigmund, uniq_robin

Skill      XL: |  1  2  3 |
---------------+----------+-----
Conjurations   | 6 |  6.1
Dodging        | |  2.1
Stealth        | |  2.0
Spellcasting   | |  2.8

Action                     || total
---------------------------++-------
  Melee: Dagger            ||     6
         Peck              ||     1
   Cast: Magic Dart        ||    38
    Use: Scroll            ||     5
 Armour: Robe              ||     1
  Dodge: Dodged            ||     2
